 Dungeon Crawl Stone Soup version 0.28-a0-1510-gd0f6b136d3 (webtiles) character file.

Game seed: 7810414691476353499

23 psuckher the Skirmisher (level 2, -2/24 HPs)
             Began as a Demonspawn Abyssal Knight on Jan 14, 2022.
             Was an Initiate of Ashenzari.
             Frozen to death by an endoplasm (5 damage)
             ... on level 1 of the Dungeon.
             The game lasted 00:08:38 (736 turns).

psuckher the Skirmisher (Demonspawn Abyssal Knight)  Turns: 736, Time: 00:08:39

Health: -2/24      AC:  3    Str: 13    XL:     2   Next: 72%
Magic:  4/4        EV: 11    Int: 11    God:    Ashenzari [......]
Gold:   62         SH:  0    Dex: 13    Spells: 1/1 levels left

rFire   . . .      SeeInvis .   c - +1 short sword (venom)
rCold   . . .      Faith    .   (no shield)
rNeg    . . .      Spirit   .   b - +0 leather armour
rPois   .          Reflect  .   (helmet restricted)
rElec   .          Harm     .   (no cloak)
rCorr   .          Rampage  .   (no gloves)
Will    +....                   (no boots)
Stlth   +.........              (no amulet)
HPRegen 0.08/turn               d - ring of willpower
MPRegen 0.09/turn               (no ring)

@: no status effects
A: horns 1
a: Renounce Religion, Curse Item


You were on level 1 of the Dungeon.
You worshipped Ashenzari.
Ashenzari was noncommittal.
You visited 1 branch of the dungeon, and saw 1 of its levels.
You visited the Abyss 1 time.

You collected 127 gold pieces.
You spent 65 gold pieces at shops.

Inventory:

Hand Weapons
 a - a +1 hand axe
 c - a +1 short sword of venom (weapon)
 g - a +0 whip
Missiles
 f - 5 large rocks
Armour
 b - a +0 leather armour (worn)
 e - a +0 chain mail
 i - a +0 chain mail
Jewellery
 d - a ring of willpower (left hand)
 k - a ring of positive energy
 m - a ring of flight
Scrolls
 h - 2 scrolls of fear {unknown}
 l - a scroll of amnesia {unknown}
Potions
 j - a potion of berserk rage


   Skills:
 + Level 3.5 Fighting
 + Level 0.3 Short Blades
 + Level 1.9 Axes
 + Level 2.0 Armour
 + Level 1.1 Dodging
 + Level 2.6 Invocations


You had one spell level left.
You didn't know any spells.
Your spell library was empty.

Dungeon Overview and Level Annotations

Branches:
Dungeon (1/15)

Altars:
Ashenzari

Shops:
D:1 !


Innate Abilities, Weirdness & Mutations

You have a pair of small horns on your head.


Message History

You cannot tell which god this altar belongs to.
Convert to them anyway?
Okay, then.
Unknown command.
Press < or > to pray at altars.
Unknown command.
There is a faded altar of an unknown god here.
You cannot tell which god this altar belongs to.
Convert to them anyway?
Really abandon Lugonu for an unknown god?
Uppercase [Y]es or [N]o only, please.
Really abandon Lugonu for an unknown god?
Ashenzari accepts your prayer!
You have lost your religion!
Lugonu does not appreciate desertion!
Ashenzari welcomes you!
Ashenzari warns you of distant threats and treasures.
Ashenzari reveals the structure of the dungeon to you.
Ashenzari shows you where magical portals lie.
Ashenzari invites you to partake of a vision and a curse of beguiling and cunning.
Okay, then.
You don't have any such object.
Curse which item? (Esc to abort) (? for menu, Esc to quit)
Okay, then.
There is an open door here.
You see here a hobgoblin corpse.
Unknown command.
m - a ring of flight Your library has no spells.
You see here a +0 dagger.
You see here a ball python corpse.
An endoplasm comes into view.
The endoplasm freezes you.
You are frozen.
* * * LOW HITPOINT WARNING * * *
You hit the endoplasm.
The endoplasm is lightly wounded.
The endoplasm hits you.
* * * LOW HITPOINT WARNING * * *
You hit the endoplasm.
The endoplasm is severely wounded.
The endoplasm freezes you.
You are frozen.
You die...

.................#
#.......#
..#######.......#.#.#######
#8...8#..>......#.#
##.###.#.)########.#
#_.#5#.'†..........#
##.###.#.†##########
#8...8#...#
#######...#######
..........@J...#
##.##..#######.# #....
##.## #. ##


You could see an endoplasm.

Vanquished Creatures
  2 ball pythons (D:1)
  An endoplasm (D:1)
  2 giant cockroaches (D:1)
  2 goblins (D:1)
  4 hobgoblins (D:1)
  2 jackals (D:1)
  A quokka (D:1)
  A bat (D:1)
  A frilled lizard (D:1)
  2 kobolds (D:1)
  A rat (D:1)
19 creatures vanquished.

Vanquished Creatures (others)
  2 demonic plants (D:1)
2 creatures vanquished.

Grand Total: 21 creatures vanquished

Notes
Turn   | Place    | Note
-------+----------+-------------------------------------------
     0 | Abyss:1  | psuckher the Demonspawn Abyssal Knight began the quest for
                  | the Orb.
     0 | Abyss:1  | Reached XP level 1. HP: 18/18 MP: 2/2
    36 | D:1      | Escaped the Abyss
   113 | D:1      | Gained mutation: You have a pair of small horns on your
                  | head. [demonic ancestry]
   113 | D:1      | Reached XP level 2. HP: 14/24 MP: 4/4
   184 | D:1      | Reached skill level 1 in Dodging
   534 | D:1      | Found Bel Mapu's Distillery.
   570 | D:1      | Bought a potion of berserk rage for 65 gold pieces
   674 | D:1      | Found a faded altar of an unknown god.
   701 | D:1      | Prayed at the altar of an unknown god.
   701 | D:1      | Fell from the grace of Lugonu
   701 | D:1      | Became a worshipper of Ashenzari the Shackled
   736 | D:1      | Frozen to death by an endoplasm

Illustrated notes

Levels and vault maps discovered:
D:1:      lemuel_arrival_river_bridge, layout_basic, serial_shops, shop_coins,
          dreamdust_ecumenical_altar_sealed_demon, hangedman_decor_push

Skill      XL: |  1  2 |
---------------+-------+-----
Dodging        | 1 |  1.1
Armour         | 2 |  2.0
Fighting       | |  3.5
Short Blades   | |  0.3
Axes           | |  1.9
Invocations    | |  2.6

Action                   || total
-------------------------++-------
Melee: Short sword       ||    57
       Hand axe          ||     1
       Headbutt          ||     7
  Use: Scroll            ||     1
Armor: Leather armour    ||    29
Dodge: Dodged            ||    59

Table legend: (Time is in decaauts)
 A = Elapsed time spent in this place.
 B = Non-inter-level travel time spent in this place.
 C = Inter-level travel time spent in this place.
 D = Time resting spent in this place.
 E = Time spent auto-exploring this place.
 F = Levels seen in this place.
 G = Mean time per level.
                   A        B        C        D        E       F      G
               +--------+--------+--------+--------+--------+-----+--------+
         Total |    741 |    705 |     36 |      0 |      0 |   2 |  370.5 |
       Dungeon |    705 |    669 |     36 |      0 |      0 |   1 |  705.0 |
         Abyss |     36 |     36 |      0 |      0 |      0 |   1 |   36.0 |
               +--------+--------+--------+--------+--------+-----+--------+

Top non-repeatable levels by time:
     D:1: 705 daAuts
 Abyss:1: 36 daAuts
